 Dungeon Crawl Stone Soup version 0.31.0-11-ge490571c62 (webtiles) character file.

Game seed: 5637564381187760523

675 Arcadio the Ducker (level 7, -7/58 HPs)
             Began as a Merfolk Shapeshifter on Jan 26, 2024.
             Was an Initiate of Yredelemnul.
             Succumbed to a green ugly thing's poison
             ... on level 6 of the Dungeon.
             The game lasted 00:10:37 (3770 turns).

Arcadio the Ducker (Merfolk Shapeshifter)           Turns: 3770, Time: 00:10:38

Health: -7/58      AC:  6    Str: 16    XL:     7   Next: 59%
Magic:  2/2        EV: 14    Int: 10    God:    Yredelemnul [......]
Gold:   256        SH:  6    Dex: 13    Spells: 6/6 levels left

rFire   . . .        m - +1 spear "Feduutuet" {antimagic, +Blink Will+}
rCold   . . .        s - +2 buckler {AC+3}
rNeg    . . .        r - +0 troll leather armour {Pargi}
rPois   .            (helmet currently unavailable)
rElec   .            (cloak currently unavailable)
rCorr   .            (gloves currently unavailable)
SInv    .            (boots currently unavailable)
Will    +....        (no amulet)
Stlth   +            (no ring)
HPRegen 1.09/turn    (no ring)
MPRegen 0.08/turn

%: no passive effects
@: lethally poisoned (-7 -> -82), beast-form
A: beast (slay +2), (nimble swimmer 2), mertail
a: Begin Untransformation, Renounce Religion, Evoke Blink, Recall Undead Harvest


You were on level 6 of the Dungeon.
You worshipped Yredelemnul.
Yredelemnul was noncommittal.
You were a hulking beast.
You visited 2 branches of the dungeon, and saw 6 of its levels.
You also visited: Sewer.

You collected 256 gold pieces.

Inventory:

Hand Weapons
 j - a +3 hand axe
 m - the +1 spear "Feduutuet" (weapon) {antimagic, +Blink Will+}
   (You found it on level 2 of the Dungeon)

   Will+:     It increases your willpower.
   +Blink:    It lets you blink.
Missiles
 f - 2 javelins (quivered)
Armour
 a - a +0 animal skin
 k - a +0 scale mail
 r - a +0 troll leather armour (worn) {Pargi}
 s - a +2 buckler of protection (worn)
Jewellery
 h - a +6 ring of intelligence
Talismans
 c - a beast talisman
 d - a flux talisman
Scrolls
 g - a scroll of blinking
 i - a scroll of enchant weapon {unknown}
 n - a scroll of amnesia {unknown}
 p - a scroll of fog {unknown}
 q - a scroll of immolation {unknown}
Potions
 b - 5 potions of lignification
 o - 3 potions of haste
 t - a potion of brilliance {unknown}
 u - 2 potions of enlightenment {unknown}


   Skills:
 + Level 6.2 Fighting
 + Level 7.9 Dodging
 - Level 3.2 Unarmed Combat
 - Level 4.0 Shapeshifting


You had 6 spell levels left.
You didn't know any spells.
Your spell library contained the following spells:

 Spells                   Type           Power      Damage    Failure   Level
 Magic Dart               Conj           0%         1d3       54%         1
 Blink                    Tloc           0%         N/A       67%         2
 Call Imp                 Summ           0%         N/A       67%         2


Dungeon Overview and Level Annotations

Branches:
Dungeon (6/15)             Temple (1/1) D:6           Sewer (visited)

Altars:
Ashenzari
Cheibriados
Dithmenos
Elyvilon
Fedhas
Hepliaklqana
Kikubaaqudgha
Makhleb
Okawaru
Qazlal
Ru
Sif Muna
Trog
Uskayaw
Vehumet
Wu Jian
Xom
Yredelemnul
Zin

Shops:
D:2 =

Annotations:
Temple 2 transporters


Innate Abilities, Weirdness & Mutations

You are a hulking beast.
Your limbs bulge with bestial killing power. (Slay +2)
((You are very nimble when in or above water. (Stealth+, EV+, Speed+++)))
Your lower body shifts to a powerful aquatic tail in water.


Message History

You block the green ugly thing's attack.
You closely miss the iguana.
The iguana is severely wounded.
The iguana misses you.
Your sky beast zombie hits the green ugly thing but does no damage.
The green ugly thing kicks you!
You are poisoned.
The green ugly thing poisons you! The iguana bites you!
You hit the iguana.
You kill the iguana!
You feel very sick.
Your sky beast zombie misses the green ugly thing.
The green ugly thing closely misses you.
You feel much better.
You feel very sick.
You block the green ugly thing's attack.
Your sky beast zombie barely misses the green ugly thing.
You closely miss the green ugly thing.
The green ugly thing is lightly wounded.
You feel very sick.
The green ugly thing closely misses you.
Your sky beast zombie barely misses the green ugly thing.
You hit the green ugly thing.
The green ugly thing is lightly wounded.
You feel very sick. The green ugly thing kicks you!
You are lethally poisoned!
The green ugly thing poisons you!
Your sky beast zombie barely misses the green ugly thing.
The green ugly thing kicks you!
* * * LOW HITPOINT WARNING * * *
You are more poisoned.
The green ugly thing poisons you!
Okay, then.
Okay, then.
Blink to where?
Press: ? - help, Dir - move target
As you read the scroll of blinking, it crumbles to dust.
You die...
Your body rises from the dead as a mindless zombie.

########### .........##
###....>....
##...........$
##########..##.......##
#.....h......§uZ.......
#.##.#####..........##.
# ..............#..
###..............
#..#..#......##
......##.##.#.. ..####.
#.##..... ## #.
#.#####.. #. .. #.


There were no monsters in sight!

Vanquished Creatures
  Pargi (Sewer)
  A sky beast (D:6)
  An ogre (D:4)
  A brain worm (Sewer)
  A scorpion (D:3)
  2 bombardier beetles
  2 iguanas
  An orc wizard (D:4)
  3 adders
  3 dart slugs
  2 ribbon worms (D:4)
  7 orcs
  7 endoplasms
  3 giant cockroaches
  13 goblins
  8 hobgoblins
  4 quokkas
  12 ball pythons
  14 bats
  2 frilled lizards (D:1)
  2 hobgoblin zombies (D:4)
  5 kobolds
  2 kobold zombies (D:4)
  4 rats
101 creatures vanquished.

Vanquished Creatures (others)
  A hobgoblin (D:4)
1 creature vanquished.

Grand Total: 102 creatures vanquished

Notes
Turn   | Place    | Note
-------+----------+-------------------------------------------
     0 | D:1      | Arcadio the Merfolk Shapeshifter began the quest for the
                  | Orb.
     0 | D:1      | Reached XP level 1. HP: 15/15 MP: 1/1
    92 | D:1      | Reached skill level 3 in Dodging
   134 | D:1      | Found a faded altar of an unknown god.
   156 | D:1      | Reached XP level 2. HP: 7/22 MP: 2/2
   843 | D:2      | Reached XP level 3. HP: 27/27 MP: 3/3
  1082 | D:2      | Reached skill level 4 in Dodging
  1453 | D:2      | Reached XP level 4. HP: 35/35 MP: 4/4
  1762 | D:2      | Found Icveed Qetik's Jewellery Shop.
  1771 | D:2      | Identified the +1 spear "Feduutuet" {antimagic, +Blink
                  | Will+}
  1850 | D:3      | Noticed a scorpion
  1872 | D:3      | Killed a scorpion
  1873 | D:3      | Reached skill level 5 in Dodging
  1873 | D:3      | Reached XP level 5. HP: 6/42 MP: 1/5
  2156 | D:3      | HP: 2/42 [burnt (3)]
  2623 | D:3      | Found an iron altar of Okawaru.
  2623 | D:3      | Found a hide-covered altar of Uskayaw.
  2788 | D:4      | Reached skill level 6 in Dodging
  2788 | D:4      | Reached XP level 6. HP: 19/49 MP: 2/6
  3075 | D:4      | Reached skill level 5 in Fighting
  3083 | D:4      | Found a glowing drain.
  3091 | Sewer    | Entered a sewer
  3179 | Sewer    | Reached skill level 7 in Dodging
  3179 | Sewer    | Reached XP level 7. HP: 38/56 MP: 1/7
  3242 | Sewer    | Noticed Pargi
  3267 | Sewer    | Killed Pargi
  3637 | D:4      | You fall into a shaft and drop 2 floors!
  3667 | D:6      | Found a staircase to the Ecumenical Temple.
  3676 | Temple   | Found a transporter.
  3676 | Temple   | Found a transporter.
  3676 | Temple   | Found a transporter.
  3676 | Temple   | Found a transporter.
  3676 | Temple   | Entered the Ecumenical Temple
  3690 | Temple   | Became a worshipper of Yredelemnul the Dark
  3750 | D:6      | Noticed a green ugly thing
  3770 | D:6      | Succumbed to a green ugly thing's poison

Illustrated notes

Levels and vault maps discovered:
D:1:      lightli_arrival_chessboard, layout_loops_cross,
          hellmonk_ecumenical_altar_heavens_door
D:2:      minmay_chambers_of_twos, layout_loops_cross, serial_shops, shop
D:3:      layout_basic, gammafunk_temple_overflow_wave
D:4:      layout_basic, cheibrodos_sewer_entry_bend, kennysheep_minor_cross,
          st_stairs_12, minmay_mini_ossuary
D:6:      layout_rooms, tso_altar, minmay_temple_entry_arrows,
          nicolae_fountain_basement, uniq_duvessa
Temple:   hellmonk_temple_divided_pantheon

Skill      XL: |  1  2  3  4  5  6  7 |
---------------+----------------------+-----
Dodging        | 3 4 5 6 7 |  7.9
Fighting       | 2 3 4 5 6 |  6.2
Unarmed Combat | |  3.2
Shapeshifting  | |  4.0

Action                     |  1- 3 |  4- 6 |  7- 9 || total
---------------------------+-------+-------+-------++-------
  Melee: Unarmed           |   124 |    14 |       ||   138
         Punch             |     4 |     4 |     1 ||     9
         Spear             |       |   170 |    86 ||   256
  Throw: Javelin           |     3 |       |       ||     3
Ability: Evoke Blink       |       |       |     1 ||     1
    Use: Scroll            |       |     3 |     1 ||     4
         Potion            |       |     1 |     2 ||     3
 Armour: Animal skin       |    39 |       |       ||    39
         Scale mail        |    40 |   111 |    44 ||   195
         Troll leather arm |       |       |    53 ||    53
  Dodge: Dodged            |    68 |    97 |    70 ||   235
  Block: Buckler           |       |       |    15 ||    15
